 Dungeon Sprint DCSS version 0.32-a0-898-g7811c86cf0 (webtiles) character file.

Game seed: 6214702185454158977

3300000 Griffin23 the Formicid Barricade (level 22, -2/212 HPs)
             Began as a Formicid Fighter on Apr 4, 2024.
             Slain by The Servant
             ... wielding a +9 glaive of flaming
              (142 damage)
             ... in the Dungeon (Sprint VIII: "Arena of Blood").
             The game lasted 00:02:42 (33 turns).

Griffin23 the Formicid Barricade (Formicid Fighter)   Turns: 33, Time: 00:02:42

Health: -2/212     AC: 13    Str: 30    XL:     22   Next: 55%
Magic:  19/35      EV: 24    Int:  8    God:
Gold:   0          SH: 11    Dex: 15    Spells: 39/39 levels left

rFire   . . .        h - +∞ Axe of Woe
rCold   . . .        c - +0 buckler
rNeg    . . .        b - +0 scale mail
rPois   .            (helmet unavailable)
rElec   .            (no cloak)
rCorr   .            (no gloves)
SInv    +            (no boots)
Will    ++...        (no amulet)
Stlth   ++++++++     (no ring)
HPRegen 0.55/turn    (no ring)
MPRegen 0.24/turn

%: no passive effects
@: no status effects
A: permanent stasis, dig shafts and tunnels, antennae 3, four strong arms
a: Dig


You were in the Dungeon.
You visited 1 branch

Inventory:

Hand Weapons
 a - a +0 war axe
 h - the +∞ Axe of Woe (weapon)
   (You found it in the Dungeon)
Armour
 b - a +0 scale mail (worn)
 c - a +0 buckler (worn)
Jewellery
 i - a +30 ring of slaying
Potions
 d - a potion of might
 e - a potion of curing
 f - a potion of heal wounds
 g - 2 potions of magic


   Skills:
 O Level 27 Fighting
 - Level 3.4(4.2) Short Blades
 - Level 3.4(4.2) Long Blades
 O Level 27 Axes
 O Level 27 Maces & Flails
 + Level 10.3(20.9) Polearms
 + Level 8.9(20.6) Staves
 O Level 27 Ranged Weapons
 O Level 27 Throwing
 O Level 27 Armour
 O Level 27 Dodging
 O Level 27 Stealth
 O Level 27 Shields
 - Level 3.4 Unarmed Combat
 + Level 9.0 Spellcasting
 - Level 3.1 Conjurations
 - Level 4.8 Hexes
 - Level 3.4 Summonings
 - Level 3.4 Necromancy
 - Level 3.1 Translocations
 - Level 3.4 Fire Magic
 - Level 3.4 Ice Magic
 - Level 2.8 Air Magic
 - Level 4.2 Earth Magic
 - Level 4.6 Alchemy
 + Level 11.5 Invocations
 + Level 10.1 Evocations
 - Level 3.9 Shapeshifting


You had 39 spell levels left.
You didn't know any spells.
Your spell library was empty.

Dungeon Overview and Level Annotations

Branches:
Dungeon (1/1)

Altars:
Makhleb

Annotations:
D The Servant


Innate Abilities, Weirdness & Mutations

You cannot be hasted, slowed, berserked, paralysed or teleported.
You can dig through walls and to a lower floor.
You have a pair of large antennae on your head. (SInv)
Your four strong arms can wield two-handed weapons with a shield.


Message History

You slash the destroyer!
You hew the destroyer violently.
You destroy the destroyer!
The sculptor of flesh appears out of thin air!
A sculptor of flesh comes into view. It is wielding a +9 great sword.
You hear a shout! x2
A bag of meat comes into view. It is wielding a +9 war axe. x4
You have mastered Maces & Flails!
Your base Polearms skill increases to level 5!
Your base Staves skill increases to level 5!
You have mastered Ranged Weapons!
You have mastered Throwing!
Your Dodging skill gained 3 levels and is now at level 26!
Your Spellcasting skill increases to level 5!
Your Invocations skill increases to level 6!
Your Evocations skill increases to level 6!
You have reached level 22!
The bag of meat shouts! x3
You carve the bag of meat like a ham!!!
You hew the bag of meat violently.
You kill the bag of meat!
You slash the bag of meat!
You cleave the bag of meat in twain.
You kill the bag of meat!
You slice the bag of meat!!
You dissect the bag of meat like a pig carcass.
You kill the bag of meat!
You hear a shout! x3
A meat berserker comes into view. It is wielding a +9 battleaxe.
You hear a shout!
Your base Polearms skill gained 5 levels and is now at level 10!
Your base Staves skill gained 3 levels and is now at level 8!
You have mastered Dodging!
Your Spellcasting skill gained 4 levels and is now at level 9!
Your Invocations skill gained 5 levels and is now at level 11!
Your Evocations skill gained 4 levels and is now at level 10!
Unknown command.
Unknown command.
i - a +30 ring of slaying You hear a shout!
A meat berserker comes into view. It is wielding a +9 battleaxe.
The Servant hits you from afar with a +9 glaive of flaming!!!!
Ouch! That really hurt!
You die... .......... ... .......o. oO. ,....oo.o. o... ,#o...Oo.#{ .#o.., #oOooo..#

{
.....###.ooo,..###.
.o.....O.)###......
..#...o)o.)_......
#....@.@)))...#..
...o..)O#o.<._#,
#....oo.#.....#
..#o..oo..._.....
..........###......
..o..###o.., ..###.
..... #.o. ..#{


Oooz. {#... .#{ .. .. You could see The Servant, a sculptor of flesh, 2 large
bags of meat, 4 meat berserkers and 31 bags of meat.

Vanquished Creatures
  A vampire knight (D)
  11 ogres (D)
  32 orcs (D)
44 creatures vanquished.

Notes
Turn   | Place    | Note
-------+----------+-------------------------------------------
     0 | D        | Found the +∞ Axe of Woe
     0 | D        | Griffin23 the Formicid Fighter began the quest for the Orb.
     0 | D        | Reached XP level 1. HP: 18/18 MP: 1/1
     3 | D        | Noticed a bag of meat
     4 | D        | Noticed a bag of meat
     4 | D        | Noticed a bag of meat
     6 | D        | Noticed a meat berserker
     6 | D        | Noticed a meat berserker
     7 | D        | Noticed a bag of meat
     8 | D        | Noticed a meat berserker
     9 | D        | Killed a meat berserker
     9 | D        | Noticed a bag of meat
     9 | D        | Noticed a bag of meat
     9 | D        | Noticed a bag of meat
    10 | D        | Reached skill level 10 in Axes
    10 | D        | Reached XP level 2. HP: 43/48 MP: 2/2
    10 | D        | Reached XP level 3. HP: 48/54 MP: 3/3
    10 | D        | Reached XP level 4. HP: 56/62 MP: 4/4
    10 | D        | Reached XP level 5. HP: 61/68 MP: 5/5
    10 | D        | Reached XP level 6. HP: 67/75 MP: 6/6
    10 | D        | Reached XP level 7. HP: 74/82 MP: 7/7
    10 | D        | Reached XP level 8. HP: 80/89 MP: 8/8
    10 | D        | Reached XP level 9. HP: 85/95 MP: 9/9
    10 | D        | Reached XP level 10. HP: 92/102 MP: 10/10
    10 | D        | Reached XP level 11. HP: 98/109 MP: 11/11
    10 | D        | Reached XP level 12. HP: 104/116 MP: 12/12
    10 | D        | Killed a bag of meat
    10 | D        | Killed a bag of meat
    10 | D        | Killed a meat berserker
    10 | D        | Noticed a bag of meat
    11 | D        | Reached XP level 13. HP: 120/133 MP: 13/13
    11 | D        | Reached XP level 14. HP: 128/141 MP: 14/14
    11 | D        | Killed a bag of meat
    11 | D        | Killed a bag of meat
    11 | D        | Noticed a bag of meat
    12 | D        | Reached skill level 15 in Axes
    12 | D        | Reached skill level 27 in Shields
    12 | D        | Reached XP level 15. HP: 137/151 MP: 15/15
    12 | D        | Killed a meat berserker
    13 | D        | Noticed a meat berserker
    15 | D        | Noticed a meat berserker
    15 | D        | Noticed a meat berserker
    16 | D        | Reached skill level 27 in Fighting
    16 | D        | Reached skill level 27 in Armour
    16 | D        | Reached XP level 16. HP: 154/167 MP: 16/16
    17 | D        | Noticed a meat berserker
    18 | D        | Killed a meat berserker
    18 | D        | Noticed a meat berserker
    19 | D        | Reached skill level 27 in Axes
    19 | D        | Reached XP level 17. HP: 110/174 MP: 17/17
    20 | D        | Noticed a meat berserker
    21 | D        | Killed a meat berserker
    21 | D        | Killed a meat berserker
    21 | D        | Noticed a meat berserker
    21 | D        | Noticed a meat berserker
    22 | D        | Reached XP level 18. HP: 116/182 MP: 17/23
    22 | D        | Killed a meat berserker
    23 | D        | Reached skill level 15 in Dodging
    23 | D        | Reached XP level 19. HP: 121/189 MP: 17/24
    23 | D        | Killed a meat berserker
    24 | D        | Reached XP level 20. HP: 126/197 MP: 17/25
    25 | D        | Noticed a large bag of meat
    26 | D        | Noticed a large bag of meat
    26 | D        | Noticed a meat berserker
    27 | D        | Killed a meat berserker
    27 | D        | Noticed a destroyer
    28 | D        | Reached skill level 27 in Stealth
    28 | D        | Reached XP level 21. HP: 132/204 MP: 18/26
    28 | D        | Noticed The Servant
    29 | D        | Reached skill level 5 in Invocations
    29 | D        | Noticed a meat berserker
    30 | D        | Killed a meat berserker
    31 | D        | Reached skill level 5 in Evocations
    31 | D        | Killed a meat berserker
    31 | D        | Killed a destroyer
    32 | D        | Reached skill level 27 in Maces & Flails
    32 | D        | Reached skill level 5 in Polearms
    32 | D        | Reached skill level 5 in Staves
    32 | D        | Reached skill level 27 in Ranged Weapons
    32 | D        | Reached skill level 27 in Throwing
    32 | D        | Reached skill level 5 in Spellcasting
    32 | D        | Reached XP level 22. HP: 139/212 MP: 18/29
    32 | D        | Noticed a meat berserker
    33 | D        | Reached skill level 10 in Polearms
    33 | D        | Reached skill level 27 in Dodging
    33 | D        | Reached skill level 10 in Evocations
    33 | D        | Noticed a meat berserker
    33 | D        | Slain by The Servant

Illustrated notes

Levels and vault maps discovered:
D:        meatsprint

Skill      XL: |  1  2  3  4  5  6  7  8  9 10 11 12 13 14 15 16 17 18 19 20 21 22 |
---------------+-------------------------------------------------------------------+-----
Fighting       | 18 22 24 27 | 27.0
Axes           | 10 13 15 21 27 | 27.0
Armour         | 18 22 24 27 | 27.0
Shields        | 20 25 27 | 27.0
Short Blades   | 3 |  3.4
Long Blades    | 3 |  3.4
Maces & Flails | 13 16 19 22 27 | 27.0
Polearms       | 3 5 10 | 10.3
Staves         | 3 5 8 |  8.9
Ranged Weapons | 13 16 19 23 27 | 27.0
Throwing       | 13 16 19 22 27 | 27.0
Dodging        | 12 15 17 21 26 27 | 27.0
Stealth        | 16 21 23 27 | 27.0
Unarmed Combat | 3 |  3.4
Spellcasting   | 3 5 9 |  9.0
Conjurations   | 3 |  3.1
Hexes          | 4 |  4.8
Summonings     | 3 |  3.4
Necromancy     | 3 |  3.4
Translocations | 3 |  3.1
Fire Magic     | 3 |  3.4
Ice Magic      | 3 |  3.4
Air Magic      | 2 |  2.8
Earth Magic    | 4 |  4.2
Alchemy        | 4 |  4.6
Invocations    | 4 6 11 | 11.5
Evocations     | 4 6 10 | 10.1
Shapeshifting  | 3 |  3.9

Action                     |  1- 3 |  4- 6 |  7- 9 | 10-12 | 13-15 | 16-18 | 19-21 | 22-24 || total
---------------------------+-------+-------+-------+-------+-------+-------+-------+-------++-------
  Melee: Executioner's axe |     1 |       |       |     1 |     4 |     4 |     7 |     1 ||    18
Ability: Dig               |       |       |       |       |       |     1 |       |       ||     1
 Armour: Scale mail        |     1 |       |       |       |       |     1 |       |     1 ||     3
  Dodge: Dodged            |       |       |       |       |       |     1 |       |       ||     1
  Block: Buckler           |       |       |       |       |       |     1 |       |       ||     1

Table legend: (Time is in decaauts)
 A = Elapsed time spent in this place.
 B = Non-inter-level travel time spent in this place.
 C = Inter-level travel time spent in this place.
 D = Time resting spent in this place.
 E = Time spent auto-exploring this place.
 F = Levels seen in this place.
 G = Mean time per level.
                   A        B        C        D        E       F      G
               +--------+--------+--------+--------+--------+-----+--------+
         Total |     30 |     30 |      0 |      0 |      0 |   1 |   30.0 |
       Dungeon |     30 |     30 |      0 |      0 |      0 |   1 |   30.0 |
               +--------+--------+--------+--------+--------+-----+--------+

Top non-repeatable levels by time:
       D: 30 daAuts
